 Dungeon Crawl Stone Soup version 0.30.1 (webtiles) character file.

Game seed: 4231568619075497156

121422 Erymatos the Executioner (level 16, -26/235 HPs)
             Began as a Minotaur Berserker on June 30, 2023.
             Was a High Priest of Trog.
             Annihilated by a bunyip (33 damage)
             ... on level 2 of the Swamp on July 6, 2023.
             The game lasted 00:58:40 (29316 turns).

Erymatos the Executioner (Minotaur Berserker)      Turns: 29316, Time: 00:58:41

Health: -26/235    AC: 23    Str: 32    XL:     16   Next: 32%
Magic:  15/15      EV: 22    Int:  4    God:    Trog [*****.]
Gold:   2387       SH:  0    Dex: 20    Spells: 15/15 levels left

rFire   + . .        d - +2 executioner's axe
rCold   + + .        (shield currently unavailable)
rNeg    . . .        R - +4 chain mail {rC+}
rPois   +            (helmet restricted)
rElec   .            Y - +1 cloak {rF+}
rCorr   +            f - +1 pair of gloves {hurl}
SInv    .            N - +0 pair of boots of Qazlal's Favour {Drain Fly rC+ Str+6}
Will    +....        a - amulet of Midnight {Faith rPois} Stlth
                     p - +5 ring of evasion
HPRegen 0.59/turn    P - ring of Desertification {rCorr Dex+6}
MPRegen 0.14/turn

%: faith
@: berserking, flying, very quick
A: horns 2, retaliatory headbutt
a: Renounce Religion, Berserk, Trog's Hand, Brothers in Arms


You were on level 2 of the Swamp.
You worshipped Trog.
Trog was extremely pleased with you.
You visited 4 branches of the dungeon, and saw 24 of its levels.
You also visited: Ossuary, Bailey and Volcano.

You collected 2879 gold pieces.
You spent 492 gold pieces at shops.

Inventory:

Hand Weapons
 d - a +2 executioner's axe (weapon)
 J - the +2 spear "Keets" {freeze, *Slow rCorr Dex+3}
   (You found it on level 14 of the Dungeon)

   Dex:       It affects your dexterity (+3).
   rCorr:     It protects you from acid and corrosion.
   *Slow:     It may slow you when you take damage.
Armour
 f - a +1 pair of gloves of hurling (worn)
 N - the +0 pair of boots of Qazlal's Favour (worn) {Drain Fly rC+ Str+6}
   (You found it in a bailey)

   Str:       It affects your strength (+6).
   rC:        It protects you from cold.
   Fly:       It grants you flight.
   Drain:     It drains your maximum health when unequipped.
 R - a +4 chain mail of cold resistance (worn)
 Y - a +1 cloak of fire resistance (worn)
Jewellery
 a - the amulet of Midnight (around neck) {Faith rPois}
   (You found it on level 1 of the Lair of Beasts)

   [amulet of faith]

   It allows you to gain divine favour quickly.
   rPois:     It protects you from poison.
 h - a ring of positive energy
 p - a +5 ring of evasion (left hand)
 G - a ring of willpower
 P - the ring of Desertification (right hand) {rCorr Dex+6}
   (You found it on level 8 of the Dungeon)

   [ring of dexterity]

   Dex:       It affects your dexterity (+6).
   rCorr:     It protects you from acid and corrosion.
 W - a ring of see invisible
Wands
 i - a wand of flame (40)
 q - a wand of polymorph (12)
 H - a wand of paralysis (28)
 K - a wand of iceblast (40)
 S - a wand of light (22)
 U - a wand of mindburst (2)
 X - a wand of digging (7)
Scrolls
 g - 7 scrolls of fog
 j - 4 scrolls of enchant weapon
 k - 3 scrolls of vulnerability
 m - 7 scrolls of poison
 n - 10 scrolls of teleportation
 o - 2 scrolls of magic mapping
 r - a scroll of torment
 s - 12 scrolls of identify
 t - 3 scrolls of blinking
 y - 4 scrolls of enchant armour
 L - 2 scrolls of fear
 O - a scroll of acquirement
 Q - a scroll of brand weapon {unknown}
 T - 5 scrolls of immolation
Potions
 b - 5 potions of lignification
 c - 2 potions of berserk rage
 e - 14 potions of attraction
 l - 7 potions of invisibility
 w - 4 potions of cancellation
 x - 4 potions of resistance
 z - 3 potions of might
 A - 8 potions of curing
 B - 7 potions of flight
 C - 2 potions of mutation
 E - 7 potions of heal wounds
 F - 8 potions of degeneration {unknown}
 M - 4 potions of haste {unknown}
 V - 4 potions of magic {unknown}


   Skills:
 + Level 17.7 Fighting
 + Level 23.1 Axes
 + Level 13.1 Armour
 + Level 11.2 Dodging
 + Level 4.8 Stealth
 + Level 8.5 Shields


You had 15 spell levels left.
You didn't know any spells.
Your spell library was empty.

Dungeon Overview and Level Annotations

Branches:
Dungeon (15/15)            Temple (0/1) D:5            Lair (5/5) D:9
  Swamp (2/4) Lair:3        Snake (0/4) Lair:3        Slime (0/5) Lair:5
    Orc (2/2) D:11            Elf (0/3) Orc:2        Vaults (0/5) D:13
 Depths (0/4) D:15        Ossuary (visited)          Bailey (visited)
Volcano (visited)

Altars:
Elyvilon
Fedhas
Hepliaklqana
Kikubaaqudgha
Sif Muna
Trog
Uskayaw
Vehumet
Wu Jian
Yredelemnul
The Shining One

Shops:
D:4 :   D:5 *   D:8 !   Orc:1 **(   Orc:2 ?[*:

Portals:
Pandemonium: Orc:2

Annotations:
D:4 3 runed translucent doors, Peloso's ghost, amateur MiFi
Lair:1 exclusion: oklob plant


Innate Abilities, Weirdness & Mutations

You have a pair of horns on your head.
You reflexively headbutt those who attack you in melee.


Message History

The spriggan rider hits you but does no damage.
You closely miss the fenstrider witch. You completely miss the bunyip.
You slice the spriggan rider!!
You kill the hornet!
Trog accepts your kill.
The spriggan falls from its now dead mount.
The fenstrider witch barely misses you.
The fenstrider witch kicks you but does no damage.
You closely miss the fenstrider witch. You closely miss the bunyip.
You chop the spriggan into pieces!!!
You kill the spriggan!
Trog accepts your kill. The fenstrider witch hits you!
* * * LOW HITPOINT WARNING * * *
The fenstrider witch barely misses you.
You completely miss the fenstrider witch.
You headbutt the fenstrider witch!
The fenstrider witch is lightly wounded.
You slash the bunyip! You miss the spriggan druid.
Unknown command.
You slash the fenstrider witch! You headbutt the fenstrider witch!
The fenstrider witch is heavily wounded.
You barely miss the bunyip. You miss the spriggan druid.
The fenstrider witch points at you and mumbles some strange words.
Your body is wracked with pain!
* * * LOW HITPOINT WARNING * * *
Unknown command.
You slice the fenstrider witch!!
You feel the power of Trog in you as your rage grows.
You kill the fenstrider witch!
Trog accepts your kill.
Trog appreciates your killing of a magic user.
You hear a splash. x2
A fenstrider witch bone magically twists into a wand of mindburst (18).
You hit the bunyip but do no damage. You closely miss the spriggan druid.
The spriggan druid closely misses you. The bunyip attacks as you move away!
The bunyip claws you!!
* * * LOW HITPOINT WARNING * * *
The bunyip claws you!!
You die...

♣.......~~
♣..♣.~[..§~!~.~~~~.
♣.~....~~...~~~~...
♣.~..§.....~~..~~~.
♣.~~~~.~~...§.....~
♣♣#♣##.~.........~~.....
~~~..~~..^...~..~~~~.~..
♣..~....~~..~.)~x).....~
..~~...........~@/~..~.~
~.~♣.♣...~.~~.~~i......~
~~~....~.~~§..♣.§~..~~..
♣♣...~.~~..~~.~..~~..♣~~
♣~..~~..~.~†.~~.......~
♣♣............~~..~....~
♣....#.#......~.....~.~.
..#.#..#..#?.~.♣...♣.~♣.
....####......♣♣♣~♣♣♣♣


You could see a bunyip (strong, catching breath) and a spriggan druid.

Vanquished Creatures
  A fenstrider witch (Swamp:2)
  Nessos (D:12)
  A bunyip (Swamp:1)
  An ettin (D:14)
  A fire dragon (D:15)
  Josephine (D:12)
  A rakshasa (D:13)
  6 hydras
  A catoblepas (D:13)
  An ice dragon (D:15)
  An ogre mage (D:15)
  5 centaur warriors
  3 demonspawn (Orc:2)
  A boulder beetle (Lair:5)
  6 alligators
  The ghost of Henri the Unseen, a journeyman VSEn of Wu Jian (D:12)
  2 death yaks (Lair:3)
  7 two-headed ogres
  4 orc high priests (Orc:2)
  A spriggan berserker (Swamp:2)
  Nergalle (D:12)
  A sixfirhy (Orc:2)
  A goliath frog (Swamp:1)
  5 skeletal warriors (D:13)
  A glowing orange brain (D:14)
  2 spriggan druids (Swamp:2)
  A necromancer (D:13)
  2 wizards
  A bog body (Swamp:1)
  A deep elf zephyrmancer (D:13)
  2 deep elf pyromancers
  5 oklob plants (Lair:3)
  8 orc knights
  A wolf spider (Lair:5)
  5 ugly things
  2 will-o-the-wisps
  A salamander (Lair:3)
  2 cyclopes
  9 orc sorcerers
  3 manticores
  14 elephants
  A guardian serpent (Lair:5)
  15 black mambas
  4 gargoyles
  2 smoke demons
  A molten gargoyle (Volcano)
  12 cane toads
  Psyche (D:8)
  A torpor snail (Lair:3)
  3 rime drakes
  2 efreet (D:14)
  4 kobold demonologists
  2 freezing wraiths
  An unseen horror (D:12)
  9 komodo dragons
  2 ice devils (Orc:2)
  A red devil (Volcano)
  3 meliai (D:15)
  9 trolls
  Maggie (D:9)
  A queen bee (shapeshifter) (D:15)
  5 hornets
  2 tyrant leeches (Swamp:1)
  A meliai (shapeshifter) (D:14)
  5 raiju (Lair:5)
  10 polar bears
  14 blink frogs
  A culicivora (shapeshifter) (D:15)
  2 shadows
  A water elemental (D:12)
  A ynoxinul (D:10)
  4 spriggans
  72 yaks
  3 vampires
  10 wraiths
  3 centaur simulacra
  6 fire bats (Volcano)
  16 wyverns
  11 vampire mosquitoes
  A fire elemental (Lair:3)
  Grum (D:8)
  6 basilisks
  3 steam dragons
  4 redbacks (Lair:5)
  3 swamp worms
  5 wargs
  An acid dragon (D:9)
  15 hell hounds
  15 water moccasins
  40 orc warriors
  11 black bears (Lair:5)
  5 ice beasts
  2 sky beasts
  7 centaurs
  20 wolves
  9 ogres
  2 phantoms
  7 kobold brigands (D:12)
  10 bullfrogs
  2 gnoll sergeants
  4 scorpions
  A water moccasin zombie (D:4)
  8 wights (D:8)
  9 killer bees
  2 howler monkeys (D:10)
  8 electric eels
  10 lava snakes
  Crazy Yiuf (D:2)
  26 orc priests
  7 hounds
  7 jellies
  2 sleepcaps
  Terence (D:2)
  5 iguanas
  12 orc wizards
  2 hell rats (Lair:1)
  A scorpion zombie (D:4)
  A mummy (Ossuary)
  17 gnolls
  5 adders
  5 river rats (Lair:1)
  A shadow imp (D:4)
  6 white imps
  4 ufetubi
  2 dart slugs
  80 orcs
  A ball python (D:1)
  8 bats
  10 endoplasms
  5 giant cockroaches
  10 hobgoblins
  4 jackals (D:3)
  6 kobolds
  4 quokkas
  6 frilled lizards
  6 gnoll skeletons (Ossuary)
  17 goblins
  5 kobold skeletons (Ossuary)
  14 orc skeletons (Ossuary)
  5 rats
853 creatures vanquished.

Vanquished Creatures (collateral kills)
  An orc sorcerer (Bailey)
  A kobold demonologist (D:12)
  An orc warrior (Bailey)
  An orc (Bailey)
  2 hobgoblins (Bailey)
6 creatures vanquished.

Vanquished Creatures (others)
  A bloated husk (Swamp:1)
  An orc wizard (D:12)
  4 foxfires (Swamp:1)
6 creatures vanquished.

Grand Total: 865 creatures vanquished

Notes
Turn   | Place    | Note
-------+----------+-------------------------------------------
     0 | D:1      | Erymatos the Minotaur Berserker began the quest for the
                  | Orb.
     0 | D:1      | Reached XP level 1. HP: 19/19 MP: 0/0
   188 | D:1      | Reached XP level 2. HP: 27/27 MP: 1/1
   295 | D:1      | Reached skill level 4 in Axes
   741 | D:2      | Found a faded altar of an unknown god.
   751 | D:2      | Reached XP level 3. HP: 21/33 MP: 2/2
   888 | D:2      | Reached ** piety under Trog
  1020 | D:2      | Noticed Terence
  1029 | D:2      | Killed Terence
  1061 | D:2      | Reached XP level 4. HP: 41/41 MP: 3/3
  1215 | D:2      | Reached skill level 5 in Axes
  1474 | D:2      | Found a runed translucent door.
  1475 | D:2      | Noticed Crazy Yiuf
  1700 | D:2      | Killed Crazy Yiuf
  2019 | D:3      | Reached XP level 5. HP: 47/47 MP: 4/4
  2410 | D:4      | Noticed a phantom
  2422 | D:4      | Killed a phantom
  2423 | D:4      | Reached skill level 6 in Axes
  2423 | D:4      | Reached XP level 6. HP: 53/53 MP: 5/5
  2529 | D:4      | Found a runed translucent gate.
  2529 | D:4      | Found a runed translucent gate.
  2529 | D:4      | Found a runed translucent gate.
  2529 | D:4      | Noticed Peloso's ghost (amateur MiFi)
  2578 | D:4      | Found a basalt altar of Yredelemnul.
  2748 | D:4      | Found Onuxaud's Book Boutique.
  2970 | D:4      | Found a sand-covered staircase.
  2975 | Ossuary  | Entered an ossuary
  2975 | Ossuary  | Noticed a wraith
  2975 | Ossuary  | Noticed a wraith
  2975 | Ossuary  | Noticed a wraith
  2986 | Ossuary  | Reached *** piety under Trog
  3053 | Ossuary  | Noticed a wraith
  3063 | Ossuary  | Killed a wraith
  3064 | Ossuary  | Reached skill level 5 in Fighting
  3064 | Ossuary  | Reached skill level 7 in Axes
  3064 | Ossuary  | Reached skill level 5 in Armour
  3064 | Ossuary  | Reached XP level 7. HP: 61/61 MP: 6/6
  3714 | D:5      | Entered Level 5 of the Dungeon
  3848 | D:5      | Reached skill level 8 in Axes
  3955 | D:5      | Noticed a shadow
  3963 | D:5      | Killed a shadow
  3964 | D:5      | Reached skill level 9 in Axes
  3964 | D:5      | Reached XP level 8. HP: 48/69 MP: 7/7
  4115 | D:5      | Found Beoptuch's General Store.
  4123 | D:5      | Bought 3 scrolls of identify for 78 gold pieces
  4197 | D:5      | Found a staircase to the Ecumenical Temple.
  4773 | D:6      | Reached skill level 10 in Axes
  4997 | D:6      | Reached **** piety under Trog
  5108 | D:6      | Reached skill level 1 in Stealth
  5158 | D:6      | Reached skill level 11 in Axes
  5648 | D:7      | Reached XP level 9. HP: 78/78 MP: 8/8
  6387 | D:7      | Found an ornate altar of the Wu Jian Council.
  6387 | D:7      | Found an ancient bone altar of Kikubaaqudgha.
  6395 | D:7      | Found a hide-covered altar of Uskayaw.
  6397 | D:7      | Found a hazy altar of Hepliaklqana.
  6399 | D:7      | Found a faded altar of an unknown god.
  6573 | D:8      | Reached skill level 12 in Axes
  6629 | D:8      | Noticed Psyche
  6637 | D:8      | Killed Psyche
  6638 | D:8      | Reached skill level 1 in Shields
  6638 | D:8      | Found Giasm's Distillery.
  6749 | D:8      | Identified the ring of Desertification {rCorr Dex+6}
  6750 | D:8      | Found a flagged portal.
  6788 | Bailey   | Entered a bailey
  7493 | Bailey   | Noticed an orc knight
  7514 | Bailey   | Killed an orc knight
  7515 | Bailey   | Reached skill level 13 in Axes
  7515 | Bailey   | Reached XP level 10. HP: 75/86 MP: 9/9
  7696 | Bailey   | Noticed an orc sorcerer
  7706 | Bailey   | Killed an orc sorcerer
  7707 | Bailey   | Reached skill level 5 in Dodging
  7716 | Bailey   | Found the +7 Spriggan's Knife {stab, EV+4 Stlth+}
  7728 | Bailey   | Noticed an orc knight
  7748 | Bailey   | Killed an orc knight
  8095 | Bailey   | Found an iron altar of Okawaru.
  8168 | Bailey   | Identified the +0 pair of boots of Qazlal's Favour {Drain
                  | Fly rC+ Str+6}
  8500 | D:8      | Noticed Grum
  8508 | D:8      | Killed Grum
  8517 | D:8      | Reached ***** piety under Trog
  8943 | D:9      | Reached skill level 14 in Axes
  9062 | D:9      | Noticed a two-headed ogre
  9070 | D:9      | Killed a two-headed ogre
  9071 | D:9      | Reached XP level 11. HP: 66/97 MP: 10/10
  9304 | D:9      | Noticed a two-headed ogre
  9311 | D:9      | Killed a two-headed ogre
  9312 | D:9      | Reached skill level 10 in Armour
  9437 | D:9      | Noticed Maggie
  9446 | D:9      | Killed Maggie
  9579 | D:9      | Found a staircase to the Lair.
  9846 | D:10     | Entered Level 10 of the Dungeon
  9846 | D:10     | Found a blossoming altar of Fedhas.
 10360 | D:10     | Found a bloodstained altar of Trog.
 10374 | D:10     | Reached skill level 10 in Fighting
 10374 | D:10     | Reached skill level 15 in Axes
 10403 | D:10     | Found a shimmering blue altar of Sif Muna.
 10685 | D:10     | Received a gift from Trog
 10785 | D:10     | Found a glowing golden altar of the Shining One.
 10830 | D:10     | Found a white marble altar of Elyvilon.
 11228 | D:11     | Found a staircase to the Orcish Mines.
 11492 | D:11     | Noticed a deep elf pyromancer
 11494 | D:11     | Found a radiant altar of Vehumet.
 11501 | D:11     | Reached skill level 16 in Axes
 11502 | D:11     | Killed a deep elf pyromancer
 11560 | D:11     | Reached skill level 5 in Shields
 11560 | D:11     | Reached XP level 12. HP: 110/110 MP: 11/11
 11871 | D:11     | Noticed a two-headed ogre
 11879 | D:11     | Killed a two-headed ogre
 12724 | D:12     | Noticed Nessos
 12737 | D:12     | Killed Nessos
 12898 | D:12     | Found a runed translucent gate.
 12898 | D:12     | Found a runed translucent gate.
 12899 | D:12     | Found a runed translucent gate.
 12901 | D:12     | Noticed Henri's ghost (journeyman VSEn)
 12960 | D:12     | Noticed Josephine
 12974 | D:12     | Killed Josephine
 13171 | D:12     | Noticed Nergalle
 13193 | D:12     | Killed Nergalle
 13492 | D:12     | Reached skill level 17 in Axes
 13712 | D:12     | Killed Henri's ghost
 13893 | Lair:1   | Entered Level 1 of the Lair of Beasts
 14198 | Lair:1   | Upgraded the game from 0.30.0-30-g96aa6591b8 to 0.30.1
 14336 | Lair:1   | Reached XP level 13. HP: 97/119 MP: 12/12
 14423 | Lair:1   | Received a gift from Trog
 14724 | Lair:1   | Identified the amulet of Midnight {Faith rPois}
 15989 | Lair:3   | Found a staircase to the Swamp.
 16101 | Lair:3   | Found a dark tunnel.
 16114 | Volcano  | Entered a volcano
 16163 | Volcano  | Reached skill level 18 in Axes
 16409 | Volcano  | Found a burning altar of Makhleb.
 17172 | Lair:3   | Reached skill level 10 in Dodging
 17544 | Lair:3   | Found a staircase to the Snake Pit.
 17992 | Lair:3   | Reached ****** piety under Trog
 18588 | Lair:3   | Reached XP level 14. HP: 133/133 MP: 13/13
 19018 | Lair:4   | Received a gift from Trog
 19226 | Lair:4   | Reached skill level 15 in Fighting
 19995 | Lair:5   | Entered Level 5 of the Lair of Beasts
 20058 | Lair:5   | Found a staircase to the Slime Pits.
 20162 | Lair:5   | Reached skill level 19 in Axes
 20407 | Lair:5   | Received a gift from Trog
 21012 | Lair:5   | Received a gift from Trog
 21179 | Lair:5   | Reached skill level 20 in Axes
 22092 | D:13     | Reached XP level 15. HP: 144/144 MP: 14/14
 22797 | D:13     | Found a gate to the Vaults.
 22802 | D:13     | Received a gift from Trog
 23335 | D:14     | Identified the +2 spear "Keets" {freeze, *Slow rCorr Dex+3}
 23345 | D:14     | Found a hide-covered altar of Uskayaw.
 23574 | D:14     | Identified the +5 long sword of Utabb {freeze, Str+4 Int+2}
 23689 | D:14     | Reached skill level 21 in Axes
 23772 | D:14     | Found a gate leading to a gauntlet.
 23914 | D:14     | Found a hazy altar of Hepliaklqana.
 24428 | D:15     | Entered Level 15 of the Dungeon
 24574 | D:15     | Identified the +1 sling of Okiuc {heavy, Dex+3}
 25499 | D:15     | Found a staircase to the Depths.
 26075 | Orc:1    | Entered Level 1 of the Orcish Mines
 26093 | Orc:1    | Found Kutupoz's Weapon Shoppe.
 26248 | Orc:1    | Received a gift from Trog
 26550 | Orc:1    | Found Ifeqyuk's General Store.
 26553 | Orc:1    | Found Sakinul's Specific Store.
 26562 | Orc:1    | Bought a scroll of identify for 22 gold pieces
 26703 | Orc:2    | Entered Level 2 of the Orcish Mines
 27009 | Orc:2    | Found Mipebigh's General Store.
 27018 | Orc:2    | Found Usiloi's Magic Scroll Boutique.
 27056 | Orc:2    | Identified the +4 hand axe of Kaelivim {flame, *Corrode
                  | Fragile rElec Dex+7} (Trog gifted it to you on level 2 of
                  | the Orcish Mines)
 27056 | Orc:2    | Received a gift from Trog
 27173 | Orc:2    | Bought a potion of heal wounds for 50 gold pieces
 27204 | Orc:2    | Reached skill level 22 in Axes
 27243 | Orc:2    | Paralysed by an orc sorcerer for 3 turns
 27542 | Orc:2    | Found Kilus's Antique Armour Emporium.
 27542 | Orc:2    | Found Dieleuj's Book Shoppe.
 27542 | Orc:2    | Found a one-way gate leading to the halls of Pandemonium.
 27546 | Orc:2    | Reached XP level 16. HP: 135/155 MP: 15/15
 27595 | Orc:2    | Bought a slimy cloak for 342 gold pieces
 27595 | Orc:2    | Identified the +0 cloak of the Armadillo {+Inv} (You bought
                  | it in a shop on level 2 of the Orcish Mines)
 27633 | Orc:2    | Found a staircase to the Elven Halls.
 28272 | Swamp:1  | Entered Level 1 of the Swamp
 28520 | Swamp:1  | Received a gift from Trog
 29280 | Swamp:2  | Reached skill level 23 in Axes
 29316 | Swamp:2  | HP: 7/235 [bunyip (22)]
 29316 | Swamp:2  | Annihilated by a bunyip

Illustrated notes

Levels and vault maps discovered:
D:1:      tarquinn_simple_flora_water_a, layout_basic
D:2:      layout_basic, basic_ecumenical_altar, minmay_misc_feat_iff,
          corner_web_ring, minmay_tetromino_s2, uniq_terence,
          uniq_crazy_yiuf_cottage
D:3:      layout_basic, kennysheep_donut
D:4:      layout_loops_corners, nicolae_yredelemnul_ghost_church,
          enter_ossuary_5, serial_shops, kennysheep_mini
D:5:      layout_cave_pods, minmay_temple_entry_wispy, serial_shops, shop
D:6:      layout_gridville, st_stairs_5, minmay_increasing_density
D:7:      layout_loops_corners, chequers_temple_overflow_minitemple
D:8:      layout_cave_pools, serial_shops, shop, enter_bailey_5, uniq_grum,
          uniq_psyche
D:9:      layout_irregular_city, lair_entry_dummy, uniq_maggie
D:10:     layout_roguey, overflow_temple_1_default,
          mainiacjoe_overflow_tiny_flanked, nicolae_elyvilon_peaceful_grove,
          nzn_overflow_gifts_of_might_and_magic, serial_park_tiny_pond,
          palyth_stone_intersect, kennysheep_nondescript,
          kennysheep_generic_room_13
D:11:     layout_layer_cave, david_orc_5, fiery_altar_vehumet
D:12:     layout_rooms, serial_ice, serial_ice_g, serial_ice_h, serial_ice_d,
          serial_ice_n, serial_ice_m, serial_ice_j, serial_ice_o, serial_ice_b,
          serial_ice_a, serial_ice_e, gammafunk_ghost_nasty_kobolds,
          minivault_5, minmay_tree_intersection, uniq_josephine, uniq_nessos,
          uniq_nergalle
D:13:     layout_stronghold, david_vaults_1
D:14:     evilmike_horseshoe, layout_basic, nicolae_hepliaklqana_hippocampus,
          gauntlet_entry_generic, eat_drink_and_be_merry_uskayaw
D:15:     grunt_enter_depths_hoard, layout_layer_cave,
          ebering_dispersal_statue_hall
Lair:1:   layout_regular_city, kennysheep_rathole, serial_bayou_shore_b
Lair:2:   layout_regular_city
Lair:3:   minmay_lair_oklob_chamber, layout_cave_pods, swamp_mist,
          nicolae_snake_entry_warm_welcome, nicolae_volcano_entry_lava_flow,
          grunt_megastairs_2
Lair:4:   layout_cave_pods, serial_bayou_shore_b, serial_bayou_shore_a
Lair:5:   hangedman_lair_tendril_chambers, layout_small_grid,
          hangedman_lair_caniforms_friends, nicolae_slime_entry_slimehenge,
          hangedman_lair_unloving_vines, lemuel_fruit_fields, lemuel_fruit_tree
Swamp:1:  layout_basic_swamp, nicolae_swamp_feature_on_the_river_bank,
          infiniplex_staircase_pool
Swamp:2:  nzn_winding_woodlands_cross [nzn_winding_woodlands_5x15_parted,
          nzn_winding_woodlands_5x15_longhouse,
          nzn_winding_woodlands_5x15_lazy_stream,
          nzn_winding_woodlands_5x15_sawtooth,
          nzn_winding_woodlands_15x15_killbox], layout_basic_swamp,
          evilmike_swamp_ruin_rubble_2, roderic_carrion_pond
Orc:1:    layout_diamond_mine, serial_shops, shop, nicolae_specific_store
Orc:2:    pf_orc_diabolical, layout_caves

Skill      XL: |  1  2  3  4  5  6  7  8  9 10 11 12 13 14 15 16 |
---------------+-------------------------------------------------+-----
Fighting       | 4 5 6 7 9 11 12 14 16 17 | 17.7
Axes           | 4 5 6 7 9 11 13 14 16 17 18 20 22 23 | 23.1
Armour         | 3 4 5 6 8 9 10 11 12 13 | 13.1
Dodging        | 3 4 5 6 8 10 11 | 11.2
Stealth        | 1 2 3 4 |  4.8
Shields        | 1 3 5 6 8 |  8.5

Action                     |  1- 3 |  4- 6 |  7- 9 | 10-12 | 13-15 | 16-18 || total
---------------------------+-------+-------+-------+-------+-------+-------++-------
  Melee: Hand axe          |    63 |   113 |       |       |       |       ||   176
         Headbutt          |     8 |    22 |    41 |   120 |   244 |    23 ||   458
         Punch             |     1 |     4 |     2 |     8 |    11 |       ||    26
         War axe           |       |    24 |   228 |   516 |   412 |       ||  1180
         Executioner's axe |       |       |       |       |   582 |    97 ||   679
 Invoke: Berserk           |     1 |     4 |     4 |    10 |    12 |     1 ||    32
         Trog's Hand       |       |       |     1 |     3 |     4 |     1 ||     9
         Brothers in Arms  |       |       |       |     2 |       |       ||     2
    Use: Scroll            |       |       |       |       |    25 |       ||    25
   Stab: Sleeping          |       |       |       |     3 |     4 |       ||     7
         Distracted        |       |       |       |       |       |     1 ||     1
 Armour: Animal skin       |     4 |       |       |       |       |       ||     4
         Scale mail        |    11 |    61 |    79 |    23 |    49 |       ||   223
         Steam dragon scal |       |       |       |    72 |    20 |       ||    92
         Chain mail        |       |       |       |       |   317 |    40 ||   357
  Dodge: Dodged            |    39 |    63 |   123 |   330 |   988 |    80 ||  1623
  Block: Other             |       |       |    22 |   103 |    65 |       ||   190
         Reflection        |       |       |    10 |     5 |     2 |       ||    17
